 Dungeon Crawl Stone Soup version 0.14-a0-2848-g1d0399b (webtiles) character file.

447 Neoxx the Slasher (level 7, -1/46 HPs)
             Began as a Formicid Chaos Knight on Feb 27, 2014.
             Was a Plaything of Xom.
             Slain by a gnoll
             ... wielding a +2,+1 whip of electrocution
              (10 damage)
             ... on Level 3 of the Dungeon.
             The game lasted 00:12:31 (3122 turns).

Neoxx the Slasher (Formicid Chaos Knight)           Turns: 3122, Time: 00:12:33

HP  -1/46        AC  8     Str 17      XL: 7   Next: 11%
MP   0/16        EV  8     Int 11      God: Xom
Gold 45          SH  0     Dex 12      Spells:  0 memorised,  6 levels left

rFire  . . .     SeeInvis +     a - +0 falchion (chaos)
rCold  . . .     Clarity  .     l - +0 scale mail
rNeg   . . .     Conserve .     (no shield)
rPois  .         rCorr    .     (helmet unavailable)
rElec  .         rRot     .     (no cloak)
SustAb . .       Spirit   +     (no gloves)
rMut   .         Warding  .     (no boots)
Saprov . . .     Stasis   +     u - amulet of guardian spirit
MR     .....                    (no ring)
                                p - ring of magical power

@: not resistant to hostile enchantments, extremely unstealthy
A: permanent stasis, dig shafts and tunnels, four strong arms, poison weakness,
antennae 3, icy blue scales 1, blurry vision 1, frail 1, sense surroundings 1,
regeneration 2, exoskeleton 1
a: Dig, Shaft Self, Renounce Religion


You were on level 3 of the Dungeon.
You worshipped Xom.
You were a plaything of Xom.
You were not hungry.

You visited 1 branch of the dungeon, and saw 4 of its levels.

You collected 45 gold pieces.

Inventory:

Hand weapons
 a - a +0,+0 falchion of chaos (weapon)
 b - a +0,+0 club
Missiles
 o - 39 poisoned needles
Armour
 l - a +0 scale mail (worn)
 v - a +2 leather armour
Comestibles
 c - a bread ration
 f - 12 grapes
Scrolls
 d - 5 scrolls of identify {unknown}
 g - 3 scrolls of enchant weapon II {unknown}
 h - a scroll of recharging {unknown}
 i - 3 scrolls of fog {unknown}
 k - a scroll of teleportation {unknown}
 m - a scroll of enchant weapon I {unknown}
 n - 3 scrolls of remove curse {unknown}
 q - 2 scrolls of noise {unknown}
 r - a scroll of magic mapping {unknown}
Jewellery
 p - a ring of magical power (left hand)
 u - an amulet of guardian spirit (around neck)
Potions
 e - 3 potions of agility {unknown}
 j - 3 potions of curing {unknown}
 x - a potion of lignification {unknown}
 z - a potion of restore abilities {unknown}
 B - a potion of magic {unknown}


   Skills:
 + Level 3.3 Fighting
 - Level 7.1 Long Blades
 + Level 3.0 Armour
 - Level 0.8 Dodging


You had 6 spell levels left.
You didn't know any spells.

Dungeon Overview and Level Annotations

Branches:
Dungeon (4/16)
 Temple: D:4-7

Altars:
Cheibriados
Dithmenos


Innate Abilities, Weirdness & Mutations

Your are under a permanent stasis effect.
You can dig through walls and to a lower floor.
Your four strong arms can wield any weapon, most with a shield.
You have a pair of large antennae on your head (SInv).
Your body is surrounded by an exoskeleton. (AC +1)
You are partially covered in icy blue scales (AC +1).
Your vision is a little blurry.
You are frail (-10% HP).
You passively map a small area around you.
You heal very quickly.


Message History

You wield the gnoll's club!
The gnoll hits you but does no damage.
You are electrocuted!
It is briefly surrounded by a scintillating aura of random colours.
a - a +0,+0 falchion of chaos (weapon)
The gnoll hits you but does no damage.
You enter the shallow water.
Moving in this stuff is going to be slow.
The gnoll hits you with a +2,+1 whip of electrocution.
You are electrocuted!
Things that are here:
a halberd; a flail You enter the shallow water.
Moving in this stuff is going to be slow.
The gnoll hits you but does no damage.
You are electrocuted!
* * * LOW HITPOINT WARNING * * *
The gnoll hits you with a +2,+1 whip of electrocution.
* * * LOW HITPOINT WARNING * * *
You are electrocuted!
You die... "Huh?
Did I miss anything?"

#.##.# #....#.# #......)####).
#.##.# #....#.# ####.###.##%#.
.....####....#.# ##%%# ###)###
#.#............# #.#.# ##.#...
.....#......#### ###.###.##...
.....#.#.##)####### #......#...
.......#..........#######.##..###
.....P..........................)
....≈≈≈≈≈≈≈≈≈≈≈≈@%≈≈≈≈≈....≈≈≈≈≈≈
##..≈≈≈≈≈≈≈≈≈≈≈≈≈g≈≈≈≈≈....≈≈≈≈≈≈
#.#≈≈#####≈≈≈≈≈≈≈≈≈≈≈≈....≈≈≈≈≈≈
#.#≈≈#gKg#......................
##..≈≈#...#############''''######
...#≈≈###'#{ #....#... ,
..##≈≈≈.#.', ,, .'....'...
.#..≈≈≈.#.# , , ..#....#... ,
##..≈≈≈.#. * *###########*


You could see a gnoll.

Vanquished Creatures
  An orc priest (D:3)
  An orc wizard (D:2)
  An iguana (shapeshifter) (D:2)
  A spider (shapeshifter) (D:3)
  8 adders
  14 gnolls
  A giant mite (D:3)
  A giant gecko (D:2)
  An ooze (D:1)
  10 orcs
  A ball python (D:2)
  5 bats
  2 hobgoblins
  3 giant cockroaches
  2 giant newts
  5 goblins
  18 jackals
  5 kobolds
  6 rats
86 creatures vanquished.

Notes
Turn   | Place    | Note
--------------------------------------------------------------
     0 | D:1      | Neoxx, the Formicid Chaos Knight, began the quest for the Orb.
     0 | D:1      | Reached XP level 1. HP: 18/18 MP: 1/1
   326 | D:1      | Reached XP level 2. HP: 20/24 MP: 2/2
   497 | D:1      | XOM: divination: detect items
   631 | D:1      | XOM: divination: detect items
   969 | D:2      | XOM: harmless Summ miscast
   976 | D:2      | XOM: potion effect (speed)
   980 | D:2      | Reached skill level 4 in Long Blades
   980 | D:2      | Reached XP level 3. HP: 27/29 MP: 3/3
  1068 | D:2      | XOM: harmless Ice miscast
  1111 | D:2      | XOM: give mutations
  1111 | D:2      | Gained mutation: Your natural rate of healing is unusually fast. [Xom's mischief]
  1111 | D:2      | Gained mutation: Your vision is a little blurry. [Xom's mischief]
  1111 | D:2      | Gained mutation: You are frail (-10% HP). [Xom's mischief]
  1424 | D:2      | Reached XP level 4. HP: 31/31 MP: 4/4
  1469 | D:2      | XOM: blink monster(s)
  1528 | D:2      | XOM: god gift: scroll labeled YLED ACSEL
  1541 | D:2      | XOM: vitrification
  1543 | D:2      | Reached skill level 5 in Long Blades
  1566 | D:2      | XOM: colour smoke trail
  1598 | D:2      | XOM: noise
  1856 | D:2      | Reached XP level 5. HP: 36/36 MP: 5/5
  1931 | D:2      | XOM: summons 4 hostile shadow creatures
  2016 | D:2      | XOM: give mutation
  2016 | D:2      | Gained mutation: You heal very quickly. [Xom's mischief]
  2158 | D:3      | XOM: potion effect (invisibility)
  2186 | D:2      | Reached skill level 6 in Long Blades
  2222 | D:3      | Reached XP level 6. HP: 40/42 MP: 6/6
  2238 | D:3      | Found a shadowy altar of Dithmenos.
  2240 | D:3      | You fall through a shaft!
  2330 | D:3      | Found a snail-covered altar of Cheibriados.
  2340 | D:3      | Noticed a wolf
  2340 | D:3      | a gnoll changed into a wolf
  2341 | D:3      | a wolf changed into a warg
  2486 | D:3      | XOM: give mutations
  2486 | D:3      | Gained mutation: You are partially covered in icy blue scales (AC +1). [Xom's grace]
  2486 | D:3      | Gained mutation: You passively map a small area around you. [Xom's grace]
  2550 | D:3      | Reached skill level 7 in Long Blades
  2604 | D:3      | XOM: mild Erth miscast
  2610 | D:3      | XOM: polymorph gnoll -> giant mite
  2677 | D:3      | Reached XP level 7. HP: 38/46 MP: 7/7
  3098 | D:3      | XOM: noise
  3112 | D:3      | XOM: swap weapons
  3122 | D:3      | Slain by a gnoll

Action                   |  1- 3 |  4- 6 |  7- 9 || total
-------------------------+-------+-------+-------++-------
Melee: Falchion          |    91 |   218 |       ||   309
       Whip              |       |     9 |    32 ||    41
 Abil: Dig               |       |     7 |     1 ||     8
  Use: Potion            |       |     1 |       ||     1
 Stab: Paralysed         |     5 |       |       ||     5
       Invisible         |       |    10 |       ||    10
       Petrifying        |       |     1 |       ||     1
